 Dungeon Crawl Stone Soup version 0.23-a0-643-g9ccc95a (webtiles) character file.

170 Lanoc the Skirmisher (level 5, 0/37 HPs)
             Began as a Demonspawn Chaos Knight on Dec 31, 2018.
             Was a Plaything of Xom.
             Slain by a hound (6 damage)
             ... on level 4 of the Dungeon.
             The game lasted 00:04:01 (2236 turns).

Lanoc the Skirmisher (Demonspawn Chaos Knight)      Turns: 2236, Time: 00:04:01

Health: 0/37       AC:  3    Str: 17    XL:     5   Next: 26%
Magic:  5/5        EV: 14    Int: 13    God:    Xom [......]
Gold:   205        SH:  0    Dex: 12    Spells: 4/4 levels left

rFire    . . .     SeeInvis .   a - +0 falchion (chaos)
rCold    . . .     Gourm    .   (no shield)
rNeg     . . .     Faith    .   b - +2 leather armour
rPois    +         Spirit   .   (no helmet)
rElec    .         Reflect  .   (no cloak)
rCorr    .         Harm     .   (no gloves)
MR       .....     Rnd*Tele +   (no boots)
Stlth    +.........             (no amulet)
HPRegen  0.12/turn              n - ring of teleportation (curse)
MPRegen  0.09/turn              q - +3 ring of strength

@: no status effects
A: claws 1, repulsion field 1, deformed body, frail 1, poison resistance,
screaming 1, rot immunity
a: Renounce Religion


You were on level 4 of the Dungeon.
You worshipped Xom.
You were a very special plaything of Xom.
You were not hungry.

You visited 1 branch of the dungeon, and saw 4 of its levels.

You collected 205 gold pieces.

Inventory:

Hand Weapons
 a - a +0 falchion of chaos (weapon)
Missiles
 d - 8 curare-tipped needles
Armour
 b - a +2 leather armour (worn)
Jewellery
 n - a cursed ring of teleportation (left claw)
 q - a +3 ring of strength (right claw)
Scrolls
 h - a scroll of identify {unknown}
 i - 4 scrolls of remove curse {unknown}
 l - 2 scrolls of enchant armour {unknown}
 o - a scroll of amnesia {unknown}
 r - a scroll of immolation {unknown}
 t - 3 scrolls of fog {unknown}
 u - a scroll of teleportation {unknown}
Potions
 e - a potion of heal wounds {unknown}
 f - a potion of resistance {unknown}
 g - a potion of haste {unknown}
 j - a potion of invisibility {unknown}
 k - a potion of flight {unknown}
 m - a potion of mutation {unknown}
 p - a potion of brilliance {unknown}
 v - a potion of curing {unknown}
Comestibles
 c - 8 rations
 s - a chunk of flesh


   Skills:
 + Level 4.0 Fighting
 * Level 3.2 Long Blades
 + Level 3.0 Armour
 + Level 2.5 Dodging


You had 4 spell levels left.
You didn't know any spells.
Your spell library contained the following spells:

 Spells                   Type           Power        Failure   Level  Hunger
 Magic Dart               Conj           #...         36%         1    ##.....
 Blink                    Tloc           N/A          50%         2    ###....
 Call Imp                 Summ           #.......     50%         2    ###....
 Slow                     Hex            #.......     50%         2    ###....
 Conjure Flame            Conj/Fire      #.......     73%         3    ####...
 Mephitic Cloud           Conj/Pois/Air  #.......     73%         3    ####...


Dungeon Overview and Level Annotations

Branches:
Dungeon (4/15)
 Temple: D:4-7

Altars:
Ashenzari
Uskayaw


Innate Abilities, Weirdness & Mutations

You have sharp fingernails.
You are surrounded by a mild repulsion field. (EV +2)
You are immune to rotting.
Armour fits poorly on your strangely shaped body.
You are frail. (-10% HP)
Your system is resistant to poisons. (rPois)
You occasionally shout uncontrollably at your foes.


Message History

The iguana is severely wounded.
The iguana bites you!
* * * LOW HITPOINT WARNING * * *
You are too injured to fight recklessly!
You are too injured to fight recklessly!
You hit the iguana.
The iguana is almost dead.
You kill the iguana!
Your Armour skill increases to level 3!
A hound comes into view.
You closely miss the hound. The hound completely misses you.
You miss the hound. The hound completely misses you. The hound bites you.
* * * LOW HITPOINT WARNING * * *
You hit the hound.
The hound is lightly wounded.
The hound blinks!
You closely miss the hound.
The hound is lightly wounded.
The hound bites you.
You die...

########
##...?..##
##........##
###....h.....#
.......@.....#
##.....ยง.....#
##...!......####
#.............#
##........##.##
#............# .
#...........##
..##.(........##
.............#


You could see a hound.

Vanquished Creatures
  2 iguanas (D:4)
  6 adders
  An ooze (D:2)
  A worm (D:2)
  A dart slug (D:1)
  A leopard gecko (D:1)
  2 orcs (D:3)
  4 bats
  3 giant cockroaches
  5 goblins
  5 hobgoblins
  2 jackals (D:2)
  2 quokkas
  4 frilled lizards
  8 kobolds
  A leopard gecko skeleton (D:2)
  6 rats
54 creatures vanquished.

Vanquished Creatures (collateral kills)
  A dart slug (D:2)
1 creature vanquished.

Grand Total: 55 creatures vanquished

Notes
Turn   | Place    | Note
-------+----------+-------------------------------------------
     0 | D:1      | Lanoc the Demonspawn Chaos Knight began the quest for the
                  | Orb.
     0 | D:1      | Reached XP level 1. HP: 18/18 MP: 1/1
    82 | D:1      | Reached skill level 1 in Dodging
   100 | D:1      | Gained mutation: You are immune to rotting. [demonic
                  | ancestry]
   100 | D:1      | Reached XP level 2. HP: 15/24 MP: 2/2
   137 | D:1      | XOM: silly message
   547 | D:1      | XOM: mild Tmut miscast
   683 | D:2      | XOM: noise
   699 | D:2      | Gained mutation: You are surrounded by a mild repulsion
                  | field. (EV +2) [demonic ancestry]
   699 | D:2      | Reached XP level 3. HP: 19/29 MP: 3/3
   865 | D:2      | XOM: harmless Hex miscast
   912 | D:2      | Found a shattered altar of Ashenzari.
  1092 | D:2      | Found a hide-covered altar of Uskayaw.
  1114 | D:2      | Noticed a +0 dagger
  1114 | D:2      | Noticed a +0 hand axe
  1259 | D:2      | XOM: silly message
  1364 | D:2      | Gained mutation: You have sharp fingernails. [demonic
                  | ancestry]
  1364 | D:2      | Reached XP level 4. HP: 37/37 MP: 4/4
  1641 | D:3      | XOM: god gift: moonstone ring {god gift}
  1972 | D:3      | XOM: medium Conj miscast
  2201 | D:4      | Reached skill level 4 in Fighting
  2201 | D:4      | Reached XP level 5. HP: 38/42 MP: 5/5
  2220 | D:4      | XOM: give mutations
  2220 | D:4      | Gained mutation: Your system is resistant to poisons.
                  | (rPois) [Xom's mischief]
  2220 | D:4      | Gained mutation: You occasionally shout uncontrollably at
                  | your foes. [Xom's mischief]
  2220 | D:4      | Gained mutation: You are frail. (-10% HP) [Xom's mischief]
  2220 | D:4      | Gained mutation: Armour fits poorly on your strangely
                  | shaped body. [Xom's mischief]
  2236 | D:4      | Slain by a hound

Vault maps used:
D:1:      dpeg_arrival_connections, serial_forest, infiniplex_forest_clump_long,
          infiniplex_forest_lined_2, infiniplex_forest_lined_room_3,
          infiniplex_forest_corner_1, minmay_misc_feat_rows
D:2:      dancing_weapons_uskayaw, nicolae_overflow_crystal_walls, first_ration,
          minmay_heptomino_d4
D:3:      grunt_ministairs_9, st_stairs_7, corexii_corridor_pit,
          minmay_misc_feat_pillars
D:4:      nicolae_gozag_cash_rules_everything_around_me

Skill      XL: |  1  2  3  4  5 |
---------------+----------------+-----
Dodging        | 1 2 |  2.5
Armour         | 2 3 |  3.0
Long Blades    | 3 |  3.2
Fighting       | 4 |  4.0

Action                   |  1- 3 |  4- 6 || total
-------------------------+-------+-------++-------
Melee: Falchion          |    70 |    88 ||   158
 Stab: Paralysed         |     1 |     2 ||     3
  Eat: Chunk             |     1 |     3 ||     4
Armor: Leather armour    |    27 |    18 ||    45
Dodge: Dodged            |    37 |    58 ||    95
       Rpst.: Falchion   |    16 |    12 ||    28

Table legend:
 A = Non-vault XP
 B = Vault XP
 C = Vault XP percentage of total XP
 D = Non-vault monster count
 E = Vault monster count
 F = Vault count percentage of total count
                 A         B        C        D         E       F
            +---------+---------+-------+---------+---------+-------
      Total |     222 |      22 |   9.0 |      49 |       6 |  10.9
            +---------+---------+-------+---------+---------+-------
        D:1 |      26 |       0 |   0.0 |      15 |       0 |   0.0
        D:2 |      69 |      19 |  21.6 |      15 |       4 |  21.1
        D:3 |      55 |       3 |   5.2 |      17 |       2 |  10.5
        D:4 |      72 |       0 |   0.0 |       2 |       0 |   0.0
            +---------+---------+-------+---------+---------+-------
